 Dungeon Crawl Stone Soup version 0.30-a0-556-g0a0f5a245f (webtiles) character file.

Game seed: 8813461647137796209

5243 M4edhros the Martial Artist (level 10, -6/103 HPs)
             Began as an Octopode Artificer on Dec 27, 2022.
             Was a High Priest of Cheibriados.
             Mangled by Gitty's ghost (14 damage)
             ... on level 9 of the Dungeon.
             The game lasted 00:11:24 (7199 turns).

M4edhros the Martial Artist (Octopode Artificer)    Turns: 7199, Time: 00:11:24

Health: -6/103     AC:  1    Str: 34      XL:     10   Next: 62%
Magic:  10/10      EV: 20    Int: 24 (25) God:    Cheibriados [*****.]
Gold:   406        SH:  0    Dex: 29 (34) Spells: 9/9 levels left

rFire   . . .      SeeInvis .      - Unarmed
rCold   . . .      Faith    .    (no shield)
rNeg    . . .      Spirit   .    (helmet restricted)
rPois   .          Reflect  .    (no amulet)
rElec   .          Harm     .    r - +6 ring of dexterity
rCorr   .          Rampage  .    w - +6 ring of strength
Will    .....                    y - +6 ring of strength Stlth
                                 z - ring of wizardry
HPRegen 0.37/turn                (no ring)
MPRegen 0.12/turn                (no ring)
                                 (no ring)
                                 (no ring)

@: mighty, berserking (expiring), very slow
A: almost no armour, amphibious, 8 rings, camouflage 1, gelatinous body 1,
(nimble swimmer 1), tentacles, subdued magic 1
a: Renounce Religion, Bend Time, Temporal Distortion, Slouch, Step From Time


You were on level 9 of the Dungeon.
You worshipped Cheibriados.
Cheibriados was extremely pleased with you.
You visited 1 branch of the dungeon, and saw 9 of its levels.

You collected 506 gold pieces.
You spent 100 gold pieces at shops.

Inventory:

Jewellery
 q - an amulet of faith
 r - a +6 ring of dexterity (left tentacle)
 w - a +6 ring of strength (right tentacle)
 y - a +6 ring of strength (on tentacle)
 z - a ring of wizardry (on tentacle)
Wands
 b - a wand of flame (15) (quivered)
 c - a wand of charming (7)
 d - a wand of iceblast (3)
 j - a wand of polymorph (23)
Scrolls
 f - 3 scrolls of immolation {unknown}
 h - 2 scrolls of teleportation {unknown}
 l - 6 scrolls of identify {unknown}
 n - 2 scrolls of vulnerability {unknown}
 s - 2 scrolls of fear {unknown}
 u - a scroll of torment {unknown}
 v - a scroll of magic mapping {unknown}
 A - a scroll of poison {unknown}
Potions
 a - 3 potions of resistance {unknown}
 e - 3 potions of curing {unknown}
 g - 2 potions of lignification {unknown}
 i - 3 potions of might
 m - 5 potions of heal wounds
 o - 4 potions of attraction
 p - a potion of haste {unknown}
 t - 2 potions of mutation {unknown}
 x - 2 potions of flight {unknown}


   Skills:
 + Level 6.8 Fighting
 + Level 7.2 Dodging
 - Level 7.2 Stealth
 * Level 9.6 Unarmed Combat
 * Level 0.5 Invocations
 - Level 6.5 Evocations


You had 9 spell levels left.
You didn't know any spells.
Your spell library contained the following spells:

 Spells                   Type           Power      Damage    Failure   Level
 Freeze                   Ice            0%         1d3       4%          1
 Sandblast                Erth           0%         2d4       4%          1
 Passwall                 Tmut/Erth      0%         N/A       8%          2
 Frozen Ramparts          Ice            0%         1d1       16%         3
 Gell's Gravitas          Tloc           0%         N/A       16%         3
 Hailstorm                Conj/Ice       0%         3d3       16%         3
 Lesser Beckoning         Tloc           0%         N/A       16%         3
 Teleport Other           Tloc           0%         N/A       16%         3
 Lee's Rapid Deconstruct  Erth           0%         3d4*      78%         5


Dungeon Overview and Level Annotations

Branches:
Dungeon (9/15)             Temple (0/1) D:7
   Lair: D:8-11         Orc: D:9-12

Altars:
Cheibriados
Elyvilon
Gozag
Makhleb
Xom

Shops:
D:1 !   D:4 (

Annotations:
D:9 Gitty's ghost, novice MiBe


Innate Abilities, Weirdness & Mutations

You cannot wear most types of armour.
You are amphibious.
You can wear up to eight rings at the same time.
Your skin changes colour to match your surroundings (Stealth+).
Your rubbery body absorbs attacks. (AC +1, EV +1)
((You are camouflaged when in or above water. (Stealth+)))
You have tentacles for arms and can constrict up to eight enemies at once.
Your spells are a little easier to cast, but a little less powerful.


Message History

Gitty's ghost is lightly damaged.
You constrict the neqoxec.
You kill the neqoxec!
Cheibriados appreciates the change of pace.
The quasit closely misses you. The quasit claws you.
The quasit completely misses you. The quasit barely misses you.
The quasit misses you. The quasit closely misses you. The quasit misses you.
The quasit completely misses you. The quasit misses you.
You bludgeon Gitty's ghost! You squeeze Gitty's ghost!
Gitty's ghost is moderately damaged.
The quasit bites you. The quasit closely misses you. The quasit misses you.
The neqoxec completely misses you. Gitty's ghost hits you!!
* * * LOW HITPOINT WARNING * * *
The quasit barely misses you. x2; The quasit completely misses you. x2
The quasit claws you but does no damage.
The quasit completely misses you.
You batter Gitty's ghost!!
Gitty's ghost is heavily damaged.
The quasit bites you.
* * * LOW HITPOINT WARNING * * *
You feel clumsy.
The quasit claws you but does no damage.
The quasit misses you. The quasit bites you.
* * * LOW HITPOINT WARNING * * *
The quasit barely misses you. The quasit closely misses you.
The neqoxec misses you. Gitty's ghost misses you. The quasit misses you.
The quasit claws you.
* * * LOW HITPOINT WARNING * * *
You feel clumsy. The quasit misses you. The quasit closely misses you. x2
The quasit claws you.
* * * LOW HITPOINT WARNING * * *
You bludgeon Gitty's ghost!
You tentacle-slap Gitty's ghost, but do no damage.
You squeeze Gitty's ghost!!
Gitty's ghost is almost destroyed.
The quasit completely misses you. The quasit barely misses you.
The quasit claws you but does no damage.
Gitty's ghost hits you!
You die...

#.#..###.......######.'..
#.#.##.#####...# ###..
#...#.?... ##..# ##.
#..##..#....##.# #. #..#
#...#.. #.# ## #..#
.#.##..# . #
####'.##.#...#.#
#......#(#W.5..# .
#.....©#=53@# .
#......#$.#55.#
#.....##..!..#[#
#.....#..#.#.. # #.....#
#.#... #....)# .. ...#
#...... #. .###. ##.###
## ## .# ###


You could see a neqoxec, 4 quasits and Gitty's ghost.

Vanquished Creatures
  A two-headed ogre (D:8)
  A cyclops (D:7)
  Maurice (D:8)
  A hornet (D:8)
  Prince Ribbit (D:9)
  A wyvern (D:9)
  A steam dragon (D:7)
  A neqoxec (D:9)
  Duvessa (D:5)
  4 water moccasins
  2 orc warriors
  2 ice beasts
  2 ogres
  A centaur (D:7)
  Blork the orc (D:5)
  2 bullfrogs (D:7)
  2 necrophages
  A scorpion (D:6)
  A wight (D:8)
  4 killer bees (D:9)
  4 howler monkeys
  2 gnoll boudas
  2 hounds
  2 jellies
  Crazy Yiuf (D:2)
  5 orc priests
  Jessica (D:3)
  Ijyb (D:3)
  Terence (D:3)
  4 iguanas
  13 orc wizards
  8 gnolls
  7 adders
  A shadow imp (D:5)
  3 white imps
  3 ufetubi
  2 worms
  4 dart slugs
  25 orcs
  7 ball pythons
  4 bats
  9 endoplasms
  5 giant cockroaches
  7 goblins
  4 hobgoblins
  5 kobolds
  7 quokkas
  5 frilled lizards
  7 rats
180 creatures vanquished.

Vanquished Creatures (collateral kills)
  A scorpion (D:6)
  Dowan (D:5)
  An iguana (D:7)
  A gnoll (D:8)
  3 orcs
  A hobgoblin (D:4)
8 creatures vanquished.

Vanquished Creatures (others)
  A gnoll (D:3)
  An orc (D:6)
  14 plants (D:5)
16 creatures vanquished.

Grand Total: 204 creatures vanquished

Notes
Turn   | Place    | Note
-------+----------+-------------------------------------------
     0 | D:1      | M4edhros the Octopode Artificer began the quest for the
                  | Orb.
     0 | D:1      | Reached XP level 1. HP: 13/13 MP: 1/1
    77 | D:2      | Reached XP level 2. HP: 12/18 MP: 2/2
   138 | D:2      | Reached skill level 1 in Unarmed Combat
   281 | D:3      | Reached XP level 3. HP: 23/23 MP: 3/3
   369 | D:3      | Noticed Terence
   387 | D:3      | Killed Terence
   454 | D:3      | Found a white marble altar of Elyvilon.
   471 | D:3      | Reached XP level 4. HP: 9/29 MP: 4/4
   568 | D:3      | Noticed Jessica
   569 | D:3      | Killed Jessica
   570 | D:3      | Reached skill level 2 in Unarmed Combat
   708 | D:3      | Found a snail-covered altar of Cheibriados.
   715 | D:3      | Became a worshipper of Cheibriados the Contemplative
   815 | D:2      | Reached XP level 5. HP: 31/34 MP: 5/5
  1199 | D:1      | Found Wujyz's Distillery.
  1222 | D:1      | Bought a potion of heal wounds for 50 gold pieces
  1244 | D:1      | Reached * piety under Cheibriados
  1786 | D:1      | Bought a potion of heal wounds for 50 gold pieces
  1891 | D:2      | Found a runed translucent door.
  1892 | D:2      | Noticed Crazy Yiuf
  2154 | D:2      | Killed Crazy Yiuf
  2535 | D:3      | Reached XP level 6. HP: 39/40 MP: 6/6
  2547 | D:3      | Noticed Ijyb
  2559 | D:3      | Killed Ijyb
  2560 | D:3      | Reached skill level 3 in Unarmed Combat
  2640 | D:4      | Reached ** piety under Cheibriados
  3020 | D:4      | Found Ifuoja's Antique Weapon Shoppe.
  3145 | D:5      | Entered Level 5 of the Dungeon
  3191 | D:5      | Reached XP level 7. HP: 46/46 MP: 7/7
  3193 | D:5      | Noticed Dowan
  3199 | D:5      | Noticed Duvessa
  3208 | D:5      | Killed Duvessa
  3209 | D:5      | Reached skill level 4 in Unarmed Combat
  3211 | D:5      | Killed Dowan
  3247 | D:5      | Reached skill level 5 in Evocations
  3433 | D:5      | Reached skill level 5 in Stealth
  3521 | D:5      | Reached *** piety under Cheibriados
  3539 | D:5      | Noticed Blork the orc
  3546 | D:5      | Killed Blork the orc
  3547 | D:5      | Reached XP level 8. HP: 37/52 MP: 8/8
  3645 | D:6      | Reached skill level 5 in Unarmed Combat
  4156 | D:6      | Reached skill level 6 in Unarmed Combat
  4168 | D:6      | Reached skill level 5 in Dodging
  4225 | D:6      | Reached XP level 9. HP: 54/59 MP: 9/9
  4308 | D:7      | Found a shimmering altar of Xom.
  4311 | D:7      | Found a shimmering altar of Xom.
  4311 | D:7      | Found a shimmering altar of Xom.
  4314 | D:7      | Found a shimmering altar of Xom.
  4361 | D:7      | Found a shimmering altar of Xom.
  4361 | D:7      | Found a shimmering altar of Xom.
  4366 | D:7      | Found a shimmering altar of Xom.
  4388 | D:7      | Noticed a cyclops
  4466 | D:7      | Found a staircase to the Ecumenical Temple.
  4739 | D:7      | Found an opulent altar of Gozag.
  4764 | D:7      | Reached **** piety under Cheibriados
  4959 | D:7      | Killed a cyclops
  4960 | D:7      | Reached skill level 5 in Fighting
  4960 | D:7      | Reached skill level 7 in Unarmed Combat
  5240 | D:7      | Got the Grimoire of Minerals
  5385 | D:8      | Noticed a two-headed ogre
  5401 | D:8      | Killed a two-headed ogre
  5402 | D:8      | Reached skill level 8 in Unarmed Combat
  5402 | D:8      | Reached XP level 10. HP: 55/68 MP: 10/10
  6185 | D:8      | Noticed Maurice
  6191 | D:8      | Killed Maurice
  6192 | D:8      | Reached skill level 9 in Unarmed Combat
  6661 | D:9      | Reached ***** piety under Cheibriados
  6815 | D:9      | Noticed Prince Ribbit
  7064 | D:9      | Killed Prince Ribbit
  7074 | D:9      | Found a burning altar of Makhleb.
  7161 | D:9      | Found a transporter.
  7182 | D:9      | Noticed Gitty's ghost (novice MiBe)
  7192 | D:9      | Gained mutation: Your spells are a little easier to cast,
                  | but a little less powerful. [a neqoxec]
  7199 | D:9      | Mangled by Gitty's ghost

Illustrated notes

Levels and vault maps discovered:
D:1:      onia_arrival_handbag, layout_loops_ring, serial_shops, shop,
          shapermc_ecumenical_altar_mp_vishouse
D:2:      layout_loops_cross, uniq_crazy_yiuf_cottage
D:3:      layout_loops_ring, mainiacjoe_overflow_surrounded_room,
          mainiacjoe_overflow_alcove_1, uniq_jessica, uniq_terence, uniq_ijyb
D:4:      layout_rooms, serial_shops,
          nicolae_shop_temple_entry_statues_fountains
D:5:      layout_cave_pools, serial_bayou_lagoon_a, hangedman_glass_teeth,
          uniq_duvessa, uniq_blork_the_orc
D:6:      minmay_spotlight, layout_cave_pools
D:7:      layout_basic, nicolae_xom_altar_mimics,
          nicolae_gozag_cash_rules_everything_around_me,
          minmay_temple_entry_statues_pillars, minmay_microvault
D:8:      layout_layer_cave, st_stairs_12, uniq_maurice
D:9:      layout_roguey, mainiacjoe_overflow_cross_hatched,
          mainiacjoe_overflow_catwalk, erik_orc_1, gammafunk_ghost_stat_death,
          uniq_prince_ribbit1

Skill      XL: |  1  2  3  4  5  6  7  8  9 10 |
---------------+-------------------------------+-----
Unarmed Combat | 1 2 3 4 6 8 9 |  9.6
Stealth        | 2 3 4 5 6 7 |  7.2
Fighting       | 2 3 4 5 6 |  6.8
Dodging        | 3 4 5 6 7 |  7.2
Evocations     | 4 5 6 |  6.5
Invocations    | |  0.5

Action                   |  1- 3 |  4- 6 |  7- 9 | 10-12 || total
-------------------------+-------+-------+-------+-------++-------
Melee: Unarmed           |    56 |   159 |   133 |    81 ||   429
       Constrict         |    13 |    39 |    37 |    26 ||   115
       Tentacles         |    11 |    25 |    37 |    20 ||    93
       Punch             |     1 |     3 |     9 |    10 ||    23
Evoke: Wand              |       |     7 |    16 |     5 ||    28
  Use: Potion            |       |       |     1 |     4 ||     5
 Stab: Sleeping          |     5 |    25 |    14 |     5 ||    49
       Distracted        |       |     1 |     2 |       ||     3
       Betrayed ally     |       |       |     1 |       ||     1
Armor: Skin              |     1 |     6 |     2 |     9 ||    18
Dodge: Dodged            |    28 |    94 |    93 |   147 ||   362

Table legend: (Time is in decaauts)
 A = Elapsed time spent in this place.
 B = Non-inter-level travel time spent in this place.
 C = Inter-level travel time spent in this place.
 D = Time resting spent in this place.
 E = Time spent auto-exploring this place.
 F = Levels seen in this place.
 G = Mean time per level.
                   A        B        C        D        E       F      G
               +--------+--------+--------+--------+--------+-----+--------+
         Total |   9782 |   9183 |    599 |    402 |   6882 |   9 | 1086.9 |
       Dungeon |   9782 |   9183 |    599 |    402 |   6882 |   9 | 1086.9 |
               +--------+--------+--------+--------+--------+-----+--------+

Top non-repeatable levels by time:
     D:8: 1921 daAuts
     D:7: 1561 daAuts
     D:2: 1303 daAuts
     D:3: 1117 daAuts
     D:6: 970 daAuts
     D:9: 832 daAuts
     D:1: 813 daAuts
     D:4: 660 daAuts
     D:5: 600 daAuts
